 Dungeon Crawl Stone Soup version 0.25-a0-424-g80bd347ae0 (webtiles) character file.

Game seed: 7076609555340914118, levelgen mode: deterministic

7520 tilp the Nimble (level 11, -2/68 HPs)
             Began as a Tengu Air Elementalist on Jan 23, 2020.
             Was a Believer of Sif Muna.
             Slain by a wraith (5 damage)
             ... led by Josephine
             ... on level 10 of the Dungeon.
             The game lasted 00:26:06 (12086 turns).

tilp the Nimble (Tengu Air Elementalist)           Turns: 12086, Time: 00:26:07

Health: -2/68      AC:  6    Str:  9    XL:     11   Next: 16%
Magic:  9/18       EV: 22    Int: 19    God:    Sif Muna [**....]
Gold:   489        SH:  0    Dex: 16    Spells: 8/18 levels left

rFire    . . .     SeeInvis .   b - +4 dagger (freeze)
rCold    + . .     Gourm    .   (no shield)
rNeg     . . .     Faith    .   V - +1 leather armour {rC+}
rPois    .         Spirit   .   (helmet restricted)
rElec    .         Reflect  .   C - +0 cloak
rCorr    .         Harm     .   i - +0 pair of gloves
MR       +....                  (boots unavailable)
Stlth    ++........             n - amulet of the acrobat
HPRegen  0.21/turn              P - ring of protection from magic
MPRegen  0.16/turn              Q - +2 ring of dexterity

@: swift, flying quickly and evasively, slowed
A: beak, talons 3, able to fly
a: Stop Flying, Channel Magic, Renounce Religion


You were on level 10 of the Dungeon.
You worshipped Sif Muna.
Sif Muna was pleased with you.
You were not hungry.

You visited 2 branches of the dungeon, and saw 11 of its levels.

You collected 744 gold pieces.
You spent 255 gold pieces at shops.

Inventory:

Hand Weapons
 a - a +1 vorpal hand axe
 b - a +4 dagger of freezing (weapon)
Missiles
 f - 18 boomerangs (quivered)
 x - 54 poisoned darts
 B - 4 javelins
 R - 4 atropa-tipped darts
Armour
 i - a +0 pair of gloves (worn)
 C - a +0 cloak (worn)
 V - a +1 leather armour of cold resistance (worn)
Magical Staves
 H - an uncursed staff of poison {unknown}
Jewellery
 l - an uncursed ring of stealth
 n - an amulet of the acrobat (around neck)
 I - an uncursed ring of fire
 K - an uncursed ring of wizardry
 N - the ring of Xuolocka {rC++ MR+ Str-3 Int-3}
   (You found it on level 7 of the Dungeon)

   [ring of strength]

   It affects your strength (-3).
   It affects your intelligence (-3).
   It greatly protects you from cold.
   It affects your resistance to hostile enchantments.
 P - a ring of protection from magic (left hand)
 Q - a +2 ring of dexterity (right hand)
 X - an uncursed ring of protection from cold
Wands
 t - a wand of digging (7)
 v - a wand of acid (6)
 w - a wand of paralysis (7)
 z - a wand of scattershot (4)
 E - a wand of flame (15)
 G - a wand of iceblast (10)
 W - a wand of enslavement (12)
Scrolls
 d - 4 scrolls of remove curse
 e - 4 scrolls of teleportation
 m - a scroll of enchant weapon
 o - 3 scrolls of fog
 p - a scroll of summoning {unknown}
 q - a scroll of immolation
 u - 3 scrolls of fear
 y - a scroll of enchant armour {unknown}
 A - a scroll of holy word {unknown}
 F - 2 scrolls of amnesia {unknown}
 J - a scroll of magic mapping
 O - 2 scrolls of identify
 Z - a scroll of torment {unknown}
Potions
 g - 3 potions of lignification
 h - a potion of mutation
 j - 4 potions of curing
 k - 2 potions of haste
 s - 3 potions of cancellation
 D - a potion of magic
 M - 2 potions of berserk rage {unknown}
 S - a potion of agility
 T - a potion of might
 U - a potion of invisibility
Miscellaneous
 L - a fan of gales
Comestibles
 c - 15 rations


   Skills:
 + Level 8.1 Fighting
 + Level 9.8 Dodging
 - Level 4.0 Stealth
 - Level 4.1 Spellcasting
 - Level 6.0 Conjurations
 - Level 6.0 Air Magic
 - Level 6.0 Invocations
 - Level 6.0 Evocations


You had 8 spell levels left.
You knew the following spells:

 Your Spells              Type           Power        Failure   Level  Hunger
a - Shock                 Conj/Air       ####         1%          1    None
b - Swiftness             Chrm/Air       ###.....     9%          2    ##.....
c - Static Discharge      Conj/Air       ####....     4%          3    ###....
d - Airstrike             Air            ####......   16%         4    ####...

Your spell library contained the following spells:

 Spells                   Type           Power        Failure   Level  Hunger
 Dazzling Flash           Conj/Hex       ###...       17%         3    ###....
 Corona                   Hex            #......      19%         1    None
 Ensorcelled Hibernation  Hex/Ice        #.....       28%         2    ##.....
 Lightning Bolt           Conj/Air       ####......   41%         5    ######.
 Confusing Touch          Hex            #.......     50%         3    ###....
 Tukima's Dance           Hex            #.......     50%         3    ###....


Dungeon Overview and Level Annotations

Branches:
Dungeon (10/15)            Temple (1/1) D:4            Lair (0/6) D:9
    Orc: D:9-12

Altars:
Ashenzari
Cheibriados
Dithmenos
Elyvilon
Fedhas
Gozag
Hepliaklqana
Kikubaaqudgha
Makhleb
Nemelex Xobeh
Okawaru
Qazlal
Ru
Sif Muna
Trog
Uskayaw
Vehumet
Wu Jian
Xom
Yredelemnul
Zin
The Shining One
Beogh
Jiyva

Shops:
D:7 !

Annotations:
D:3 exclusion: black bear
D:4 Sigmund
D:6 treasure vault w freezing clouds
D:7 1 runed translucent door, Borgoz's ghost, novice GrGl


Innate Abilities, Weirdness & Mutations

You have a beak for a mouth.
You have claws for feet.
You can fly continuously.


Message History

You feel quick. The wraith hits you.
* * * LOW HITPOINT WARNING * * *
The wraith drains your vigour!
You feel as though you will be slow longer.
You hit the wraith but do no damage. You claw the wraith, but do no damage.
The wraith is moderately damaged.
The wraith misses you. The wraith hits you.
* * * LOW HITPOINT WARNING * * *
The wraith drains your vigour!
You feel as though you will be slow longer.
You completely miss the wraith. You claw the wraith.
The wraith is heavily damaged.
The wraith hits you!
* * * LOW HITPOINT WARNING * * *
The wraith drains your vigour!
You feel as though you will be slow longer.
You barely miss the wraith.
The wraith is heavily damaged.
The wraith misses you. The wraith hits you.
You die...

#.....# ....
#####.#.....
######..........
#.........#!..<.
#.........+ ...#
#..###.#### ###
+.##.....##
#W#.8...8.#
#@#.......###
#....._.....####
###.......#....#
#.8...8.#....#
##.....##....#
###.###.....#
##..##...)).###
#....+.........
#.####......###


You could see a wraith.

Vanquished Creatures
  Josephine (D:10)
  Pikel (D:7)
  A troll (D:9)
  5 hippogriffs
  A wraith (D:10)
  A wyvern (D:8)
  Eustachio (D:6)
  A hungry ghost (D:9)
  A water moccasin (D:9)
  An orc warrior (D:10)
  2 sky beasts
  2 ice beasts
  A phantom (D:5)
  A black bear (D:10)
  4 ogres
  2 centaurs
  2 big kobolds (D:9)
  4 bullfrogs
  6 scorpions
  14 killer bees (D:9)
  3 wights (D:8)
  11 electric eels
  4 crimson imps
  2 quasits
  A jelly (D:10)
  9 orc priests
  5 hounds
  4 bullfrog skeletons
  6 orc wizards
  3 centaur skeletons
  Ijyb (D:5)
  An iguana (D:9)
  7 worker ants
  A killer bee zombie (D:7)
  3 hound zombies
  A worker ant zombie (D:9)
  4 gnolls (D:8)
  10 adders
  2 shadow imps
  2 oozes (D:1)
  A worm (D:3)
  6 leopard geckos
  24 orcs
  4 giant cockroaches
  9 goblins
  6 hobgoblins
  15 jackals
  10 quokkas
  8 bats
  3 frilled lizards
  A jackal skeleton (D:6)
  13 kobolds
  A leopard gecko zombie (D:5)
  A quokka skeleton (D:8)
  4 rats
238 creatures vanquished.

Vanquished Creatures (others)
  2 kobolds (D:9)
  A fungus (D:7)
3 creatures vanquished.

Grand Total: 241 creatures vanquished

Notes
Turn   | Place    | Note
-------+----------+-------------------------------------------
     0 | D:1      | tilp the Tengu Air Elementalist began the quest for the
                  | Orb.
     0 | D:1      | Reached XP level 1. HP: 10/10 MP: 4/4
   133 | D:1      | Reached XP level 2. HP: 15/15 MP: 1/6
   461 | D:1      | Reached XP level 3. HP: 19/19 MP: 5/7
   937 | D:2      | Found an iron altar of Okawaru.
  1231 | D:2      | Found an opulent altar of Gozag.
  1321 | D:3      | Reached XP level 4. HP: 24/24 MP: 2/8
  1374 | D:3      | Reached skill level 5 in Conjurations
  1374 | D:3      | Reached skill level 5 in Air Magic
  1576 | D:3      | Gained mutation: You can fly continuously. [Tengu growth]
  1576 | D:3      | Reached XP level 5. HP: 28/28 MP: 4/9
  1815 | D:3      | Found a glowing silver altar of Zin.
  1818 | D:3      | Noticed an angel
  1819 | D:3      | Found a burning altar of Makhleb.
  1819 | D:3      | Noticed a blizzard demon
  1864 | D:3      | Found a hazy altar of Hepliaklqana.
  1974 | D:3      | Noticed a black bear
  2086 | D:3      | Reached XP level 6. HP: 32/32 MP: 3/10
  2091 | D:3      | Learned a level 3 spell: Static Discharge
  2094 | D:3      | Learned a level 2 spell: Swiftness
  2317 | D:3      | Found a sparkling altar of Nemelex Xobeh.
  2390 | D:3      | Found a glowing golden altar of the Shining One.
  2842 | D:4      | Noticed Sigmund
  2918 | D:4      | Reached XP level 7. HP: 17/36 MP: 8/14
  3112 | D:4      | Reached skill level 1 in Fighting
  3154 | D:4      | Found a staircase to the Ecumenical Temple.
  3186 | Temple   | Entered the Ecumenical Temple
  3461 | D:4      | Found a stormy altar of Qazlal.
  3729 | D:5      | Entered Level 5 of the Dungeon
  3804 | D:4      | Learned a level 4 spell: Airstrike
  3808 | D:5      | Reached skill level 3 in Dodging
  3809 | D:5      | Noticed Ijyb
  4173 | D:5      | Reached XP level 8. HP: 45/45 MP: 15/15
  4358 | D:5      | Killed Ijyb
  4358 | D:5      | Reached skill level 4 in Dodging
  5307 | D:6      | Reached skill level 5 in Dodging
  5437 | D:6      | Found a shimmering blue altar of Sif Muna.
  5492 | D:6      | Became a worshipper of Sif Muna the Loreminder
  5504 | D:6      | Reached skill level 6 in Dodging
  5565 | D:6      | Noticed Eustachio
  5580 | D:6      | Killed Eustachio
  5580 | D:6      | Reached skill level 1 in Invocations
  5580 | D:6      | Reached skill level 1 in Evocations
  5863 | D:6      | Reached XP level 9. HP: 39/52 MP: 7/16
  6383 | D:7      | Found Zuawnage's Distillery.
  6388 | D:7      | Bought a potion of degeneration for 15 gold pieces
  6539 | D:7      | Noticed Pikel
  6543 | D:7      | Killed Pikel
  6588 | D:7      | Found a blossoming altar of Fedhas.
  6646 | D:7      | Got a translucent ivory ring
  6705 | D:7      | Identified the cursed ring of Xuolocka {rC++ MR+ Str-3
                  | Int-3} (You found it on level 7 of the Dungeon)
  7097 | D:7      | Found a runed translucent door.
  7098 | D:7      | Noticed Borgoz's ghost (novice GrGl)
  7433 | D:7      | Reached * piety under Sif Muna
  7703 | D:7      | Bought a potion of agility for 60 gold pieces
  7703 | D:7      | Bought a potion of might for 60 gold pieces
  7703 | D:7      | Bought a potion of invisibility for 120 gold pieces
  7781 | D:8      | Reached skill level 5 in Fighting
  7781 | D:8      | Reached skill level 7 in Dodging
  8189 | D:8      | Found a shattered altar of Ashenzari.
  8405 | D:8      | Reached XP level 10. HP: 60/60 MP: 14/17
  8447 | D:8      | Reached skill level 8 in Dodging
  8859 | D:8      | Reached skill level 5 in Evocations
  9141 | D:9      | Reached skill level 5 in Invocations
  9207 | D:9      | Found a roughly hewn altar of Beogh.
  9215 | D:9      | Reached ** piety under Sif Muna
  9912 | D:9      | HP: 3/60 [troll (11)]
 10224 | D:9      | Found an ornate altar of the Wu Jian Council.
 10224 | D:9      | Found a sacrificial altar of Ru.
 11156 | D:9      | Found a staircase to the Lair.
 11314 | D:9      | Reached skill level 9 in Dodging
 11377 | D:10     | Entered Level 10 of the Dungeon
 11823 | D:10     | Reached XP level 11. HP: 29/67 MP: 2/18
 12009 | D:10     | Found an opulent altar of Gozag.
 12034 | D:10     | Noticed Josephine
 12053 | D:10     | Killed Josephine
 12085 | D:10     | HP: 3/68 [wraith[Josephine] (11)]
 12086 | D:10     | Slain by a wraith

Levels and vault maps discovered:
D:1:      erik_arrival_blinker_ship, layout_basic
D:2:      layout_rooms, nicolae_overflow_crystal_walls,
          lemuel_coloured_pillars_altar
D:3:      layout_rooms, grunt_temple_overflow_order_and_chaos_2,
          tso_oasis_becter, nemelex_xobeh_ov_fountains_minmay,
          lemuel_crystal_altar, first_ration
D:4:      layout_gridville, grunt_qazlal_clouds,
          minmay_temple_entry_butterflies, uniq_sigmund
D:5:      layout_cave_pods, kennysheep_minor_cross, minmay_liquid_box, uniq_ijyb
D:6:      lemuel_ice_spiral_2, layout_basic, kennysheep_mini, serial_bayou,
          serial_bayou_lagoon_b, serial_bayou_pond_b, serial_bayou_pond_c,
          serial_bayou_pond_b, uniq_eustachio
D:7:      layout_loops_corners, fedhas_altar_3, serial_shops,
          nicolae_shop_stone, ebering_ghost_reflecting_pool, uniq_pikel
D:8:      layout_basic, ashenzari_conservatory_becter
D:9:      layout_basic, chequers_temple_overflow_statue_of_worship,
          lair_entry_dummy, david_nohive_1, david_defended_altar_orc
D:10:     layout_basic, grunt_gozag_statues, uniq_grum, uniq_josephine
Temple:   pf_slimified_temple

Skill      XL: |  1  2  3  4  5  6  7  8  9 10 11 |
---------------+----------------------------------+-----
Conjurations   | 2 3 4 5 6 |  6.0
Air Magic      | 5 6 |  6.0
Spellcasting   | 4 |  4.1
Fighting       | 2 4 5 7 8 |  8.1
Dodging        | 3 6 7 9 |  9.8
Stealth        | 3 4 |  4.0
Invocations    | 2 4 6 |  6.0
Evocations     | 2 4 6 |  6.0

Action                   |  1- 3 |  4- 6 |  7- 9 | 10-12 || total
-------------------------+-------+-------+-------+-------++-------
Melee: Hand axe          |    22 |    32 |   160 |       ||   214
       Kick              |     4 |     6 |    32 |    38 ||    80
       Peck              |     2 |     2 |    20 |    22 ||    46
       Dagger            |       |       |    11 |   121 ||   132
 Cast: Shock             |    55 |    76 |   106 |    85 ||   322
       Airstrike         |       |       |    37 |    56 ||    93
       Static Discharge  |       |       |     8 |    16 ||    24
       Swiftness         |       |       |       |     1 ||     1
Invok: Channel Magic     |       |       |       |     4 ||     4
 Abil: Fly               |       |     1 |       |       ||     1
Evoke: Wand              |       |       |       |     1 ||     1
  Use: Scroll            |     3 |     4 |    11 |     2 ||    20
       Potion            |       |       |     1 |     4 ||     5
 Stab: Sleeping          |       |     2 |     3 |     7 ||    12
       Paralysed         |       |       |       |     2 ||     2
  Eat: Chunk             |     2 |     6 |    16 |    18 ||    42
       Ration            |       |       |     2 |     3 ||     5
Armor: Robe              |    11 |     3 |    24 |     7 ||    45
       Leather armour    |       |       |       |     9 ||     9
Dodge: Dodged            |    23 |    30 |   186 |   151 ||   390

Table legend:
 A = Non-vault XP
 B = Vault XP
 C = Vault XP percentage of total XP
 D = Non-vault monster count
 E = Vault monster count
 F = Vault count percentage of total count
                 A         B        C        D         E       F
            +---------+---------+-------+---------+---------+-------
      Total |    7395 |    3349 |  31.2 |     211 |      27 |  11.3
            +---------+---------+-------+---------+---------+-------
        D:1 |      42 |       0 |   0.0 |      18 |       0 |   0.0
        D:2 |      21 |       0 |   0.0 |      14 |       0 |   0.0
        D:3 |     309 |       0 |   0.0 |      33 |       0 |   0.0
        D:4 |     593 |       0 |   0.0 |      16 |       0 |   0.0
        D:5 |     381 |      36 |   8.6 |      15 |       1 |   6.2
        D:6 |     804 |     354 |  30.6 |      26 |       6 |  18.8
        D:7 |     559 |     663 |  54.3 |      16 |       1 |   5.9
        D:8 |    1949 |       0 |   0.0 |      29 |       0 |   0.0
        D:9 |    2013 |     983 |  32.8 |      36 |      17 |  32.1
       D:10 |     724 |    1313 |  64.5 |       8 |       2 |  20.0
            +---------+---------+-------+---------+---------+-------
